 Dungeon Crawl Stone Soup version 0.20-a0-1122-gb7cbeb9 (webtiles) character file.

42 Lochraine the Skirmisher (level 3, -2/29 HPs)
             Began as a Demonspawn Abyssal Knight on May 12, 2017.
             Was a Follower of Lugonu.
             Slain by Natasha (8 damage)
             ... on level 2 of the Dungeon.
             The game lasted 00:03:17 (1539 turns).

Lochraine the Skirmisher (DsAK)                     Turns: 1539, Time: 00:03:18

Health: -2/29      AC:  7    Str: 13    XL:     3   Next: 35%
Magic:  5/5        EV: 10    Int: 13    God:    Lugonu [*.....]
Gold:   28         SH:  0    Dex: 12    Spells: 2/2 levels left

rFire    . . .     SeeInvis .   a - +1 falchion
rCold    . . .     Gourm    .   (no shield)
rNeg     . . .     Faith    .   d - +0 ring mail
rPois    .         Spirit   .   (helmet restricted)
rElec    .         Reflect  .   (no cloak)
rCorr    .         Harm     .   (no gloves)
MR       .....                  (no boots)
Stlth    +.........             (no amulet)
Regen    0.1/turn               (no ring)
MPRegen  0.1/turn               (no ring)

@: slowed, very slow
A: antennae 1, slimy green scales 1
a: Depart the Abyss, Renounce Religion


You were on level 2 of the Dungeon.
You worshipped Lugonu.
Lugonu was aware of your devotion.
You were not hungry.

You visited 1 branch of the dungeon, and saw 2 of its levels.
You visited the Abyss 1 time.

You collected 28 gold pieces.

Inventory:

Hand Weapons
 a - a +1 falchion (weapon)
 j - a +0 hunting sling
   (You found it on level 1 of the Dungeon)
Missiles
 k - 39 stones (quivered)
Armour
 b - a +0 leather armour
 d - a +0 ring mail (worn)
   (You found it on level 2 of the Dungeon)
Jewellery
 i - an uncursed ring of flight {unknown}
   (You found it on level 1 of the Dungeon)
Scrolls
 e - 2 scrolls of immolation {unknown}
 g - 2 scrolls of remove curse {unknown}
 h - a scroll of magic mapping
 l - 2 scrolls of identify {unknown}
Comestibles
 c - 2 royal jellies
 f - 2 chunks of flesh
 q - a bread ration


   Skills:
 + Level 3.6 Fighting
 + Level 1.9 Long Blades
 + Level 2.0 Armour
 + Level 1.5 Dodging
 + Level 3.2 Invocations


You had 2 spell levels left.
You didn't know any spells.

Dungeon Overview and Level Annotations

Branches:
Dungeon (2/15)

Altars:
Uskayaw

Annotations:
D:2 Natasha, Sigmund


Innate Abilities, Weirdness & Mutations

You have a pair of small antennae on your head.
You are partially covered in slimy green scales. (AC +2)


Message History

Eating one of 2 chunks of flesh.
You eat one of the 2 chunks of flesh.
You butcher the bat corpse.
f - 2 chunks of flesh (gained 1) Natasha, Servant of Life and Death comes into view.
Natasha casts a spell at you.
You feel yourself slow down.
Unknown command.
You aren't carrying any potions.
Unknown command.
As you read the scroll labeled EHODUI GIARAOQ, it crumbles to dust.
You feel aware of your surroundings.
You sensed 1 altar.
It was a scroll of magic mapping.
Natasha casts a spell at you. You resist with significant effort.
Natasha claws you but does no damage.
You hit Natasha.
Natasha howls an incantation.
You feel troubled. Natasha claws you. Natasha claws you but does no damage.
Your ring mail prevents you from hitting Natasha.
Natasha claws you but does no damage.
You hit Natasha but do no damage.
Natasha stares at you and mumbles some strange words.
You resist with significant effort. Natasha claws you.
You hit Natasha.
Natasha mumbles some strange words.
Natasha claws you but does no damage.
You hit Natasha. Natasha claws you!
* * * LOW HITPOINT WARNING * * *
The crimson imp closely misses you.
Natasha mumbles some strange words.
You feel troubled. Natasha claws you but does no damage.
Unknown command.
You hit Natasha. The crimson imp misses you.
You riposte.
You closely miss the crimson imp. Natasha claws you.
* * * LOW HITPOINT WARNING * * *
The crimson imp barely misses you.
You riposte.
Your ring mail prevents you from hitting the crimson imp.
Natasha casts a spell at you. The magic dart hits you!
* * * LOW HITPOINT WARNING * * *
Unknown command.
Unknown command.
Unknown command.
You aren't carrying any potions.
Your ring mail prevents you from hitting Natasha.
The crimson imp closely misses you.
You riposte.
You barely miss the crimson imp. Natasha claws you!
You die...

***************,****,,*
* #######.####.#*
##.....#......##
##........<.....##
#######................#
.......................#
#######..<.............#
#................#
#.)......5@h.....#
#..........>.....# *
##..............## *****
##.....##.....##
,,,,****####.....##.##
***,,,,,**#...#...*.#*
*****,*#...###...,.*
*,,.....,......#
***,,*,,,,,*,,,*


You could see Natasha and a crimson imp.

Vanquished Creatures
  A dart slug (D:1)
  A leopard gecko (D:1)
  2 bats
  3 giant cockroaches
  8 goblins
  3 hobgoblins (D:1)
  A jackal (D:1)
  A quokka (D:2)
  A ball python (D:1)
  3 frilled lizards
  8 kobolds
  7 rats
39 creatures vanquished.

Notes
Turn   | Place    | Note
-------+----------+-------------------------------------------
     0 | Abyss:1  | Lochraine the Demonspawn Abyssal Knight began the quest for the Orb.
     0 | Abyss:1  | Reached XP level 1. HP: 18/18 MP: 2/2
    53 | Abyss:1  | Noticed a starcursed mass
    54 | Abyss:1  | Noticed a small abomination
    56 | D:1      | Escaped the Abyss
   110 | D:1      | Reached skill level 1 in Dodging
   365 | D:1      | Gained mutation: You are partially covered in slimy green scales. (AC +2) [demonic ancestry]
   365 | D:1      | Reached XP level 2. HP: 24/24 MP: 4/4
   412 | D:1      | Reached * piety under Lugonu
   820 | D:1      | Gained mutation: You have a pair of small antennae on your head. [demonic ancestry]
   820 | D:1      | Reached XP level 3. HP: 29/29 MP: 5/5
  1198 | D:2      | Found a hide-covered altar of Uskayaw.
  1338 | D:2      | Noticed Sigmund
  1528 | D:2      | Noticed Natasha
  1539 | D:2      | Slain by Natasha

Vault maps used:
D:1:      enne_arrival_octagon_isle
D:2:      nicolae_overflow_crystal_walls, okawaru_ov_weapons_minmay,
          solitary_fountain, kennysheep_nondescript, roderic_lattice_a,
          uniq_sigmund, uniq_natasha

Skill      XL: |  1  2  3 |
---------------+----------+-----
Dodging        | 1 |  1.5
Invocations    | 3 |  3.2
Armour         | 2 |  2.0
Fighting       | |  3.6
Long Blades    | |  1.9

Action                   || total
-------------------------++-------
Melee: Falchion          ||   100
Invok: Depart the Abyss  ||     1
  Use: Potion            ||     2
       Scroll            ||     1
  Eat: Chunk             ||     2
Armor: Leather armour    ||    21
       Ring mail         ||    17
Dodge: Dodged            ||    56
       Rpst.: Falchion   ||    22
